[Event "Late-Titled-Tuesday-Blitz-March-12-2024"]
[Site "Chess.com"]
[Date "2024.03.12"]
[Round "8"]
[White "SaqoChess_Twitch"]
[Black "ContrVersia"]
[Result "1-0"]
[WhiteElo "2677"]
[BlackElo "2866"]
[TimeControl "180+1"]
[EndTime "15:25:49 PDT"]
[Termination "SaqoChess_Twitch won by resignation"]

1. d4 Nf6 2. c4 g6 3. Nc3 Bg7 4. Nf3 O-O 5. h3 d6 6. Bf4 Nbd7 7. e3 c6 8. Be2 Qc7 9. Bh2 Ne8 10. c5 b5 11. a3 a5 12. b4 e5 13. O-O d5 14.
e4 dxe4 15. Nxe4 Bb7 16. Nc3 Rd8 17. Qc2 f6 18. Rfd1 Qc8 19. dxe5 Nxe5 20. Bxe5 fxe5 21. Qb3+ Kh8 22. Ng5 Rxd1+ 23. Rxd1 Qf5 24. Nce4 Nf6 25.
Nf7+ 1-0

[Event "Late-Titled-Tuesday-Blitz-March-12-2024"]
[Site "Chess.com"]
[Date "2024.03.12"]
[Round "8"]
[White "DeArron_Fox"]
[Black "Veleamater"]
[Result "1-0"]
[WhiteElo "2535"]
[BlackElo "2323"]
[TimeControl "180+1"]
[EndTime "15:25:50 PDT"]
[Termination "DeArron_Fox won by resignation"]

1. d4 Nf6 2. c4 g6 3. Nc3 Bg7 4. e4 O-O 5. f3 d6 6. Be3 e5 7. Nge2 Nc6 8. Qd2 Nh5 9. O-O-O f5 10. exf5 gxf5 11. d5 Ne7 12. Rg1 Ng6 13. g3 f4 14.
gxf4 Nhxf4 15. Nxf4 Nxf4 16. Bd3 Qh4 17. Rg3 Kh8 18.
Rdg1 Bh6 19. Ne4 Bf5 20. Kb1 a6 21. Ka1 Rab8 22. Bc2 b6 23. Ng5 Bxc2 24. Qxc2 Bxg5 25.
Rxg5 Rg8 26. Qf5 Rxg5 27. Qf6+ Kg8 28. Rxg5+ Qxg5 29. Qxg5+ Kf7 30. Bxf4 Rg8 31. Qf5+ Ke8 32. Bg3 Rf8 33. Qe6+ Kd8 34. Bh4+ 1-0

[Event "Late-Titled-Tuesday-Blitz-March-12-2024"]
[Site "Chess.com"]
[Date "2024.03.12"]
[Round "8"]
[White "yobdc"]
[Black "Jagerrmeisterr"]
[Result "0-1"]
[WhiteElo "2570"]
[BlackElo "2726"]
[TimeControl "180+1"]
[EndTime "15:25:52 PDT"]
[Termination "Jagerrmeisterr won by resignation"]

1. e4 c6 2. d4 d5 3. e5 c5 4. dxc5 Nc6 5. Nf3 Bg4 6. Bb5 Qa5+ 7. Nc3 e6 8. Be3 Nh6 9. h3 Bxf3 10. Qxf3 Nf5 11.
O-O-O a6 12. Ba4 Nxe3 13. fxe3 Bxc5 14. e4 d4 15. Bxc6+ bxc6 16. Ne2 Qxa2 17. Qb3 Qa1+ 18. Kd2 Qa5+ 19. Kc1 O-O 20. Kb1 Rfb8 21. Qa2 Qxa2+ 22. Kxa2 Rb5 23. Rd3 Rab8 24. b3 Ba7 25. Rhd1 Rxe5 26.
Nxd4 Bxd4 27. Rxd4 g5 28. Ra4 a5 29. Rd6 Rb4 30.
Rxa5 Rxa5+ 0-1

[Event "Late-Titled-Tuesday-Blitz-March-12-2024"]
[Site "Chess.com"]
[Date "2024.03.12"]
[Round "8"]
[White "goldihouse"]
[Black "chessamical"]
[Result "1-0"]
[WhiteElo "2627"]
[BlackElo "2211"]
[TimeControl "180+1"]
[EndTime "15:25:52 PDT"]
[Termination "goldihouse won on time"]

1. c4 e5 2. g3 c6 3. d4 Bb4+ 4.
Bd2 Bxd2+ 5. Qxd2 d6 6. Bg2 Nf6 7. Nc3 O-O 8. Rd1 Qe7 9. e3 a5 10. Nge2 Nbd7 11. O-O Re8 12. b3 h6 13. Rfe1 h5 14.
Qc2 g6 15. Na4 h4 16. Qb2 e4 17. Nec3 d5 18. Rc1 Nf8 19. cxd5 cxd5 20. Nb6 Rb8 21. Nbxd5 Nxd5 22. Nxd5 Qd6 23. Nc7 Re7 24. Nb5 Qf6 25. Rc2 Bf5 26. Rec1 Nh7 27. d5 hxg3 28. hxg3 Qxb2 29.
Rxb2 Ng5 30. d6 Rd7 31. Rbc2 Kg7 32. Rc8 Rxc8 33. Rxc8 Ne6 34. g4 1-0

[Event "Late-Titled-Tuesday-Blitz-March-12-2024"]
[Site "Chess.com"]
[Date "2024.03.12"]
[Round "8"]
[White "IraZyne"]
[Black "Incognizance"]
[Result "1/2-1/2"]
[WhiteElo "2324"]
[BlackElo "1845"]
[TimeControl "180+1"]
[EndTime "15:25:54 PDT"]
[Termination "Game drawn - insufficient material"]

1. e4 c5 2. Nc3 Nc6 3. g3 g6 4. d3 Bg7 5. Bg2 e5 6. Nh3 Nf6 7. O-O d6 8. f4 exf4 9. Nxf4 O-O 10. h3 Bd7 11. Be3 a6 12. Qd2 Qc8 13. Kh2 Be6 14. Nxe6 fxe6 15. Bh6 Qd7 16. Ne2 Nh5 17.
Bxg7 Qxg7 18. c3 Rxf1 19. Rxf1 Rf8 20. Rxf8+ Qxf8 21. Qe3 Ne5 22. b3 b5 23. d4 cxd4 24.
cxd4 Nd7 25. Nf4 Nxf4 26. gxf4 e5 27. fxe5 dxe5 28. d5 Qf4+ 29. Qxf4 exf4 30. Kg1 Kf7 31. Kf2 Kf6 32. h4 Ke5 33. Bh3 Nc5 34. Bg2 h6 35.
Bf3 g5 36. hxg5 hxg5 37. Kg2 Nd3 38. Kh3 Nc1 39. Kg4 Nxa2 40. Kxg5 Nc1 41. d6 Kxd6 42. Kxf4 Nxb3 43. e5+ Ke7 44. Bd5 Nc5 45. Ke3 Nd7 46.
Kd4 a5 47. e6 Nf8 48. Kc5 Nxe6+ 49. Bxe6 Kxe6 50. Kxb5 a4 51. Kxa4 1/2-1/2

[Event "Late-Titled-Tuesday-Blitz-March-12-2024"]
[Site "Chess.com"]
[Date "2024.03.12"]
[Round "8"]
[White "Matalon"]
[Black "ferdipy"]
[Result "0-1"]
[WhiteElo "2476"]
[BlackElo "2330"]
[TimeControl "180+1"]
[EndTime "15:25:56 PDT"]
[Termination "ferdipy won by resignation"]

1. e4 e6 2. d4 d5 3. Nd2 Nf6 4. Bd3 Be7 5. c3 c5 6. e5 Nfd7 7. Ne2 Nc6 8. f4 f6 9. Nf3 O-O 10. O-O a6 11. a3 b5 12. b4 cxd4 13. cxd4 Nb6 14. Kh1 Bd7 15. Ng3 Nc4 16. Qc2 f5 17. Ne2 a5 18. bxa5 Rxa5 19. g4 g6 20. Rg1 Nb4 21.
axb4 Rxa1 22. gxf5 exf5 23. Nc3 Bxb4 24. Nxd5 Bc6 25. Nf6+ Rxf6 26. exf6 Bxf3+ 27. Rg2 Qd5 28. h4 Bxg2+ 0-1

[Event "Late-Titled-Tuesday-Blitz-March-12-2024"]
[Site "Chess.com"]
[Date "2024.03.12"]
[Round "8"]
[White "alexrustemov"]
[Black "Bugcrusher"]
[Result "1-0"]
[WhiteElo "2831"]
[BlackElo "2533"]
[TimeControl "180+1"]
[EndTime "15:25:58 PDT"]
[Termination "alexrustemov won by resignation"]

1. d4 Nf6 2. c4 e6 3. g3 d5 4. Bg2 dxc4 5. Nf3 Bd7 6. O-O Bc6 7. Qc2 b5 8. b3 cxb3 9. axb3 Be4 10. Qa2 Bb4 11. Ba3 a5 12. Nbd2 Bb7 13. Rfc1 O-O 14. e3 Nbd7 15. Qc2 Nd5 16. Ne1 Bxa3 17. Rxa3 c6 18. Nd3 Nb4 19. Nxb4 axb4 20. Rxa8 Qxa8 21. Ne4 Qb8 22. Nc5 Nxc5 23. Qxc5 Rc8 24. Qxb4 e5 25.
dxe5 Qxe5 26. h4 g6 27. Qd2 Qe7 28. b4 Rd8 29. Qc3 Rd6 30. Qc5 h5 31. Bf3 Qd7 32. Kg2 Qe6 33. Ra1 Qd7 34. Ra7 Kg7 35. Rxb7 1-0

[Event "Late-Titled-Tuesday-Blitz-March-12-2024"]
[Site "Chess.com"]
[Date "2024.03.12"]
[Round "8"]
[White "jefferyx"]
[Black "CarlosAlbornoz"]
[Result "1-0"]
[WhiteElo "3093"]
[BlackElo "2825"]
[TimeControl "180+1"]
[EndTime "15:26:00 PDT"]
[Termination "jefferyx won by resignation"]

1. d4 Nf6 2. c4 g6 3. Nc3 Bg7 4. e4 d6 5. Be2 O-O 6. Be3 e5 7. d5 Nbd7 8. h4 Nc5 9. Qc2 c6 10. h5 a5 11. Rd1 Bd7 12. dxc6 bxc6 13. Rxd6 Ne6 14. Nf3 Ng4 15. Qd2 Nxe3 16. Rxd7 Nxg2+ 17. Kf1 Qf6 18. Kxg2 Nf4+ 19. Kf1 Rfd8 20. hxg6 hxg6 21. Nxe5 Rxd7 22. Nxd7 Qg5 23. Bf3 Rd8 24. Ne2 Be5 25. Rg1 Qe7 26. Nxf4 Rxd7 27. Nxg6 fxg6 28. Rxg6+ Bg7 29.
Qxa5 Qf7 30. Qf5 Qxc4+ 31. Kg2 Rf7 32. Qc8+ Kh7 33. Rxc6 Qd4 34. Qh3+ Kg8 35. Qc8+ Bf8 36. Rg6+ Kh7 37. Qg4 Rg7 38. Rxg7+ Bxg7 39. b3 Bf8 40. Qf5+ Kg7 41. Bh5 Bc5 42. Qf7+ Kh8 43. Bg6 1-0

[Event "Late-Titled-Tuesday-Blitz-March-12-2024"]
[Site "Chess.com"]
[Date "2024.03.12"]
[Round "8"]
[White "Skatchkov_V"]
[Black "artin10862"]
[Result "0-1"]
[WhiteElo "2687"]
[BlackElo "2898"]
[TimeControl "180+1"]
[EndTime "15:26:01 PDT"]
[Termination "artin10862 won by resignation"]

1. d4 e6 2. c4 Bb4+ 3. Nd2 Nf6 4. Nf3 O-O 5. a3 Bxd2+ 6. Qxd2 a5 7. b3 b6 8. e3 Bb7 9. Be2 d6 10. O-O Nbd7 11.
Bb2 Qe7 12. b4 Ne4 13. Qc2 f5 14. d5 e5 15. Bd3 axb4 16. axb4 b5 17. c5 Bxd5 18.
Bxb5 Ndf6 19. Rfd1 Qe6 20. Rxa8 Rxa8 21. cxd6 cxd6 22. Qc7 Rc8 23. Qb6 Rc2 24. Qb8+ Kf7 25. Ba1 h6 26. Qa7+ Kg8 27. Bf1 Nxf2 28. b5 Nxd1 29. b6 Nxe3 0-1

[Event "Late-Titled-Tuesday-Blitz-March-12-2024"]
[Site "Chess.com"]
[Date "2024.03.12"]
[Round "8"]
[White "GoValya"]
[Black "ploxoi"]
[Result "0-1"]
[WhiteElo "2256"]
[BlackElo "2417"]
[TimeControl "180+1"]
[EndTime "15:26:02 PDT"]
[Termination "ploxoi won by resignation"]

1. d4 d5 2. g3 Nf6 3. Bg2 Bf5 4. c4 e6 5. Nc3 c6 6. Nf3 Be7 7.
O-O O-O 8. Nd2 Nbd7 9. f3 Bg6 10. Kh1 Nb6 11. c5 Nbd7 12. e3 b6 13. b4 a5 14. bxa5 bxc5 15. dxc5 Bxc5 16. Nb3 Bb4 17. Bb2 Bxa5 18. Rc1 Bxc3 19. Bxc3 Rxa2 20. Bxf6 Nxf6 21.
Rxc6 Qa8 22. Rc7 Qa3 23. g4 Qb2 24. Rg1 Bc2 25. Rxc2 Qxc2 26. Qxc2 Rxc2 27. Nd4 Rc3 28. g5 Nd7 29. Re1 Nc5 30. h4 Nd3 31. Re2 g6 32. f4 Nc1 33. Re1 Nb3 34. Nf3 Rc1 35. Rxc1 Nxc1 36. Ne5 Rc8 37. Kh2 Rc2 38. Kg3 Ne2+ 39.
Kf3 Ng1+ 40. Kg3 Ne2+ 41. Kf3 Nc1 42. Bh3 Kg7 43. Bg4 Rc3 44. h5 d4 45. h6+ Kg8 46.
Ke4 dxe3 47. Nd7 e2 48. Nf6+ Kh8 49. Bxe2 Nxe2 50. Ke5 Rc4 51. Kd6 Rxf4 52. Ke7 Rf5 53.
Kxf7 Rxg5 54. Kxe6 Rf5 55. Kf7 Rxf6+ 56. Kxf6 Ng3 57.
Kg5 Nf5 58. Kg4 Nxh6+ 0-1

[Event "Late-Titled-Tuesday-Blitz-March-12-2024"]
[Site "Chess.com"]
[Date "2024.03.12"]
[Round "8"]
[White "Rinqed222"]
[Black "Stanbad1"]
[Result "1/2-1/2"]
[WhiteElo "2364"]
[BlackElo "2514"]
[TimeControl "180+1"]
[EndTime "15:26:04 PDT"]
[Termination "Game drawn by agreement"]

1. e4 e6 2. d4 d5 3. e5 c5 4. c3 Nc6 5. Nf3 Bd7 6. Be2 Nge7 7. O-O cxd4 8. cxd4 Nf5 9. Nc3 Rc8 10. Be3 a6 11.
Bd3 Nxe3 12. fxe3 Be7 13. e4 dxe4 14. Bxe4 Qb6 15. Na4 Qa5 16. Nc3 Nb4 17. Rf2 Nd5 18. Bxd5 exd5 19. Qb3 Bc6 20. Raf1 O-O 21. h4 h6 22. g3 Rcd8 23. Nh2 Qb4 24. Qxb4 Bxb4 25. a3 Ba5 26. Nf3 Bb6 27. Ne2 Bd7 28. Kg2 Bf5 29.
Nf4 Be4 30. Rd2 g5 31. hxg5 hxg5 32. Nh5 f5 33. Kf2 g4 34. Ng5 Rc8 35. Ke3 a5 36.
Nxe4 fxe4 37. Nf6+ Kg7 38. Rh1 Bd8 39. Rh7+ Kg6 40.
Rdh2 Bxf6 41. R2h6+ Kf5 42. exf6 Rf7 43. Rxf7 Kg5 1/2-1/2

[Event "Late-Titled-Tuesday-Blitz-March-12-2024"]
[Site "Chess.com"]
[Date "2024.03.12"]
[Round "8"]
[White "BeanScreen"]
[Black "EsmeraldasAnderson03"]
[Result "0-1"]
[WhiteElo "2719"]
[BlackElo "2586"]
[TimeControl "180+1"]
[EndTime "15:26:06 PDT"]
[Termination "EsmeraldasAnderson03 won by resignation"]

1. e4 c5 2. c3 Nf6 3. e5 Nd5 4. Nf3 Nc6 5. Bc4 Nb6 6. Bb3 d6 7. exd6 e5 8. d4 cxd4 9. cxd4 Bxd6 10. dxe5 Nxe5 11. Nxe5 Bxe5 12. Qxd8+ Kxd8 13. Bxf7 Na4 14. Bg5+ Kc7 15. Nc3 Nxb2 16. Nd5+ Kd6 17. Be7+ Kd7 18. O-O b6 19. Rfe1 Nd3 20. Re3 Bxa1 21. Be6+ Kc6 22. Bxc8 Raxc8 23. Rxd3 Kb7 24. f4 Rhe8 25. f5 Rc1+ 26.
Kf2 Rc2+ 27. Kf3 Rxa2 28. g4 Ra5 29. Bh4 Be5 30. Bg3 Bxg3 31. Kxg3 Rd8 32. Nf4 Rxd3+ 33. Nxd3 Ra3 34. Kf4 Rxd3 0-1

[Event "Late-Titled-Tuesday-Blitz-March-12-2024"]
[Site "Chess.com"]
[Date "2024.03.12"]
[Round "8"]
[White "kingofthenil"]
[Black "ChessLover0108"]
[Result "0-1"]
[WhiteElo "2767"]
[BlackElo "2949"]
[TimeControl "180+1"]
[EndTime "15:26:08 PDT"]
[Termination "ChessLover0108 won by resignation"]

1. e4 c5 2. d3 g6 3. g3 Bg7 4. Bg2 Nc6 5. f4 b6 6. Nf3 Bb7 7. O-O e6 8. c3 d5 9. Na3 Nge7 10. e5 O-O 11. Be3 d4 12. cxd4 Nxd4 13. Nxd4 Bxg2 14. Kxg2 cxd4 15. Bf2 Rc8 16. Qf3 Nd5 17. Rfc1 Qd7 18. Nc4 Rfd8 19. Nd6 Rxc1 20. Rb1 Bf8 21. Rxc1 Bxd6 22.
exd6 Qxd6 23. Qe4 Ne3+ 24. Kf3 h5 25. Bxe3 dxe3 26. Kxe3 Qe7 27. a3 Rd5 28. Rc8+ Kh7 29. Qc4 Qf6 30. Qc3 e5 31. Ke4 Rd4+ 32. Ke3 exf4+ 33.
gxf4 Qxf4+ 34. Ke2 Qxh2+ 35. Ke3 Qe5+ 36. Kd2 h4 37. Kc2 h3 38. Rc4 Rxc4 39. Qxc4 Qc5 40. Qxc5 bxc5 41. d4 cxd4 42. b4 h2 43. b5 h1=Q 44. b6 axb6 0-1

[Event "Late-Titled-Tuesday-Blitz-March-12-2024"]
[Site "Chess.com"]
[Date "2024.03.12"]
[Round "8"]
[White "shirovin"]
[Black "Englishman_18"]
[Result "0-1"]
[WhiteElo "2053"]
[BlackElo "2275"]
[TimeControl "180+1"]
[EndTime "15:26:08 PDT"]
[Termination "Englishman_18 won by resignation"]

1. e4 e6 2. d3 d5 3. Nd2 c5 4. Ngf3 Bd6 5. g3 Nc6 6. Bg2 Nge7 7. O-O O-O 8. Re1 Qc7 9. Qe2 f6 10. c3 Bd7 11. Nf1 d4 12. cxd4 cxd4 13. Bd2 e5 14.
Rac1 Be6 15. b3 Rfc8 16. Nh4 Qd7 17. f4 Ba3 18. Rc2 Rc7 19. Bc1 Bb4 20. Nd2 Rac8 21. Nc4 b5 22. Nb2 Bxe1 23. Qxe1 a5 24. Bd2 Nb4 25.
Rxc7 Qxc7 26. fxe5 fxe5 27. Bxb4 axb4 28. Qxb4 Qc1+ 29.
Bf1 Bh3 30. Ng2 Rf8 0-1

[Event "Late-Titled-Tuesday-Blitz-March-12-2024"]
[Site "Chess.com"]
[Date "2024.03.12"]
[Round "8"]
[White "YEIKO2017"]
[Black "amiralfio"]
[Result "0-1"]
[WhiteElo "2444"]
[BlackElo "2665"]
[TimeControl "180+1"]
[EndTime "15:26:09 PDT"]
[Termination "amiralfio won on time"]

1. e4 e5 2. Nf3 Nc6 3. Bb5 d6 4. d4 Bd7 5. O-O Nf6 6. Nc3 g6 7. Bxc6 Bxc6 8. dxe5 Nxe4 9. Nxe4 Bxe4 10. Qd4 Bxf3 11.
gxf3 Bg7 12. Qe4 O-O 13. exd6 Qxd6 14. Re1 Qb6 15. Kg2 Rad8 16. Be3 Qb5 17. Rad1 Rde8 18. Qd3 Qxb2 19. Rb1 Qxa2 20. Rxb7 a5 21. Rxc7 a4 22.
Ra7 Ra8 23. Rxa8 Rxa8 24. Qe4 Rc8 25. Qb7 Qc4 26. Rd1 a3 27. Rd7 a2 0-1

[Event "Late-Titled-Tuesday-Blitz-March-12-2024"]
[Site "Chess.com"]
[Date "2024.03.12"]
[Round "8"]
[White "YoreDea"]
[Black "MaiqMaster"]
[Result "1-0"]
[WhiteElo "2596"]
[BlackElo "2424"]
[TimeControl "180+1"]
[EndTime "15:26:12 PDT"]
[Termination "YoreDea won by resignation"]

1. e4 c5 2. d3 Nc6 3. g3 g6 4.
Bg2 Bg7 5. Ne2 d6 6. O-O e6 7.
c3 Nge7 8. d4 cxd4 9. cxd4 d5 10. e5 O-O 11. Nbc3 a6 12. b3 b5 13. Qd3 b4 14. Na4 a5 15. Nc5 Qb6 16. Be3 Nf5 17.
Rfc1 Nxe3 18. Qxe3 Na7 19. h4 h5 20. Bf3 Nb5 21.
g4 hxg4 22. Bxg4 Kh7 23. Kg2 Bh6 24. f4 Qd8 25. Rh1 Qe7 26. h5 g5 27. Qd3+ Kh8 28.
Qxb5 gxf4 29. Kf3 Rg8 30. Rag1 f6 31. Qc6 fxe5 32. Qxa8 e4+ 33. Kf2 f3 34. Bxf3 Rxg1 35. Nxg1 Qf8 36. Rh3 exf3 37. Rxf3 Qg8 38. Ne2 Kh7 39.
Qa7+ Kh8 40. Qf7 Qg4 41. Qf6+ Bg7 42. Qg6 Qh4+ 43. Kg2 e5 44. Qe8+ Kh7 45. Qxc8 Qg4+ 46. Qxg4 1-0

[Event "Late-Titled-Tuesday-Blitz-March-12-2024"]
[Site "Chess.com"]
[Date "2024.03.12"]
[Round "8"]
[White "Gabcur"]
[Black "LUISMIGUELOV"]
[Result "1-0"]
[WhiteElo "2294"]
[BlackElo "2120"]
[TimeControl "180+1"]
[EndTime "15:26:13 PDT"]
[Termination "Gabcur won by resignation"]

1. e4 c6 2. d4 d5 3. exd5 cxd5 4. c4 Nf6 5. Nc3 Nc6 6. Bg5 Ne4 7. cxd5 Nxg5 8. h4 Ne6 9. Nf3 Nexd4 10. Nxd4 Nxd4 11. Qxd4 a6 12. Rd1 e6 13. d6 Bd7 14. Bd3 Qf6 15.
Be4 Qxd4 16. Rxd4 Bc6 17. Bxc6+ bxc6 18. Ke2 Rd8 19. Rhd1 f5 20. f4 Rd7 21. Na4 g5 22. hxg5 Bg7 23. Rb4 Kf7 24. Nc5 Rhd8 25. Nxd7 Rxd7 26.
Rb6 e5 27. fxe5 Bxe5 28. Rxc6 a5 29. Rd5 Bxb2 30. Rxf5+ Ke6 31. Rxa5 Rxd6 32. Rxd6+ Kxd6 33. Ra7 Bc1 34. Rxh7 Bxg5 35. Rb7 Kc6 36. Rb1 Bd8 37. a4 Ba5 38. Kf3 1-0

[Event "Late-Titled-Tuesday-Blitz-March-12-2024"]
[Site "Chess.com"]
[Date "2024.03.12"]
[Round "8"]
[White "CaspiIsrael"]
[Black "Rawnsdale"]
[Result "1-0"]
[WhiteElo "2685"]
[BlackElo "2530"]
[TimeControl "180+1"]
[EndTime "15:26:16 PDT"]
[Termination "CaspiIsrael won by resignation"]

1. d4 d5 2. Bf4 e6 3. e3 Bd6 4.
Ne2 Ne7 5. Nd2 Ng6 6. Bxd6 Qxd6 7. c4 O-O 8. c5 Qe7 9. f4 f6 10. g3 e5 11. Qb3 c6 12. Bg2 exd4 13.
exd4 Bg4 14. Bf3 Bxf3 15. Qxf3 Re8 16. Kf2 Na6 17. a3 Nc7 18. h4 Qd7 19. h5 Ne7 20. h6 g6 21. g4 f5 22. g5 b6 23. b4 Ne6 24. Rhe1 a5 25. Nb3 axb4 26. axb4 Rxa1 27. Rxa1 bxc5 28. bxc5 Rb8 29. Qe3 Kf7 30. Rd1 Rb4 31. Rd3 Qc7 32. Nd2 Nc8 33. Nf3 Na7 34.
Ne5+ Ke7 35. Nxg6+ hxg6 36. h7 Rb8 37. Qh3 Rh8 38.
Re3 Qd8 39. Qh6 Kf7 40. Rxe6 Kxe6 41. Qxg6+ Kd7 42. Qg7+ Kc8 43. Qxa7 Qe8 44. Ng3 Qf8 45. Qa8+ Kd7 46. Qxf8 Rxf8 47. g6 Ke7 48. g7 Ke6 49. gxf8=Q 1-0

[Event "Late-Titled-Tuesday-Blitz-March-12-2024"]
[Site "Chess.com"]
[Date "2024.03.12"]
[Round "8"]
[White "Ready4abattle"]
[Black "SlavenPastar"]
[Result "0-1"]
[WhiteElo "2399"]
[BlackElo "2561"]
[TimeControl "180+1"]
[EndTime "15:26:17 PDT"]
[Termination "SlavenPastar won by resignation"]

1. e4 b6 2. d4 Bb7 3. Bd3 Nf6 4. f3 d6 5. c4 e5 6. d5 c6 7. Ne2 cxd5 8. cxd5 Be7 9. O-O O-O 10. Nbc3 a6 11.
a4 Nbd7 12. Be3 Nc5 13. Bc2 a5 14.
g4 Ba6 15. Rf2 Nfd7 16. Ng3 g6 17. Nb5 Bxb5 18. axb5 Bg5 19. Qd2 h6 20. Bxg5 Qxg5 21. Qxg5 hxg5 22. Nf1 Kg7 23. Ne3 Kf6 24. b3 Ke7 25.
Nc4 Rab8 26. Rff1 Kd8 27. Rfb1 Kc7 28. b4 axb4 29. Rxb4 Ra8 30. Rbb1 Nb7 31. Kf2 Ndc5 32. Kg3 Rh8 33. Rxa8 Rxa8 34. h4 gxh4+ 35. Kxh4 Ra2 36. Ne3 Ra3 37. Re1 Nd7 38. Kg5 Rc3 39. Re2 Kd8 40. Nd1 Rc5 41. Bd3 Ke7 42. Rf2 Rc1 43. Ne3 Rc3 44. Rd2 Nbc5 0-1

[Event "Late-Titled-Tuesday-Blitz-March-12-2024"]
[Site "Chess.com"]
[Date "2024.03.12"]
[Round "8"]
[White "ChristopherYoo"]
[Black "Firouzja2003"]
[Result "0-1"]
[WhiteElo "3009"]
[BlackElo "3149"]
[TimeControl "180+1"]
[EndTime "15:26:20 PDT"]
[Termination "Firouzja2003 won on time"]

1. d4 Nf6 2. c4 g6 3. Nc3 Bg7 4. Bg5 O-O 5. e4 c5 6. d5 h6 7. Be3 d6 8. f3 e6 9. Qd2 exd5 10.
cxd5 Re8 11. Bd3 a6 12. a4 Nbd7 13. Nge2 Ne5 14. O-O Bd7 15. a5 b5 16. axb6 Qxb6 17. Na4 Qb7 18. Nc1 Bb5 19. Be2 Kh7 20. Nc3 Nc4 21.
Bxc4 Bxc4 22. Rf2 Nd7 23. Qc2 Ne5 24. h3 Bb5 25. Nb3 Nc4 26. Na5 Nxa5 27. Rxa5 Bd7 28. Qd3 Qb4 29. Ra1 a5 30. h4 h5 31. g3 a4 32. Ra3 Rab8 33. Kg2 Qa5 34. Qd2 Rb3 0-1

[Event "Late-Titled-Tuesday-Blitz-March-12-2024"]
[Site "Chess.com"]
[Date "2024.03.12"]
[Round "8"]
[White "Smiechu"]
[Black "Svet_1502"]
[Result "0-1"]
[WhiteElo "2455"]
[BlackElo "2257"]
[TimeControl "180+1"]
[EndTime "15:26:21 PDT"]
[Termination "Svet_1502 won by checkmate"]

1. e4 c5 2. Nf3 e6 3. d4 cxd4 4.
Nxd4 Nf6 5. Nc3 Nc6 6. a3 d6 7. Be3 a6 8. Bd3 Be7 9. O-O O-O 10. f4 Qc7 11. Qf3 b5 12. Rae1 Bb7 13. Qh3 Nxd4 14. Bxd4 e5 15. fxe5 dxe5 16. Be3 Rfd8 17. Bg5 Ne8 18.
Bxe7 Qxe7 19. Nd5 Bxd5 20. exd5 g6 21. c4 bxc4 22. Bxc4 Qc5+ 23. Kh1 Qxc4 24. Rxf7 Kxf7 25. Qe6+ Kf8 26. Qxe5 Rd6 27. Qh8+ Kf7 28. Qxh7+ Ng7 29. Qh3 Re8 30. Rg1 Rxd5 31. Qf3+ Rf5 32. Qb7+ Re7 33. Qb6 Nh5 34. b3 Ng3+ 35. hxg3 Rh5# 0-1

[Event "Late-Titled-Tuesday-Blitz-March-12-2024"]
[Site "Chess.com"]
[Date "2024.03.12"]
[Round "8"]
[White "ritanovikova"]
[Black "Knjazj"]
[Result "1-0"]
[WhiteElo "2268"]
[BlackElo "2014"]
[TimeControl "180+1"]
[EndTime "15:26:22 PDT"]
[Termination "ritanovikova won by resignation"]

1. e4 e5 2. Nf3 Nc6 3. Bc4 Bc5 4. c3 d6 5. d4 exd4 6. cxd4 Bb4+ 7. Bd2 Bxd2+ 8.
Nbxd2 Nf6 9. O-O O-O 10. e5 dxe5 11. dxe5 Ng4 12. Qe2 Re8 13. Ne4 Ngxe5 14. Nxe5 Rxe5 15. Rad1 Qe7 16. f3 Bf5 17. Qf2 Rf8 18. Ng3 Be6 19.
Bxe6 Qxe6 20. Ne4 Qxa2 21. Rd7 Qa5 22. Rfd1 h6 23. Rc1 Rf5 24. Qc2 Qe5 25. Ng3 Rf6 26.
Ne4 Qf4 27. Nxf6+ Qxf6 28. Rxc7 Qd4+ 29. Kh1 Re8 30. Rxb7 Qe5 31. h3 Nd4 32. Qc7 Qf6 33. Qd7 Ne2 34. Qxe8+ Kh7 35. Qxe2 Qf4 36. Qe4+ Qxe4 37.
fxe4 1-0

[Event "Late-Titled-Tuesday-Blitz-March-12-2024"]
[Site "Chess.com"]
[Date "2024.03.12"]
[Round "8"]
[White "VD_coach"]
[Black "Alex_Banzea"]
[Result "1-0"]
[WhiteElo "2505"]
[BlackElo "2636"]
[TimeControl "180+1"]
[EndTime "15:26:23 PDT"]
[Termination "VD_coach won by resignation"]

1. Nf3 Nf6 2. d4 g6 3. c4 Bg7 4. g3 O-O 5. Bg2 d6 6. O-O Nc6 7.
Nc3 e5 8. d5 Nb8 9. e4 a5 10. Ne1 Na6 11. Nd3 Nd7 12. Be3 f5 13. f4 b6 14. exf5 gxf5 15. fxe5 Nxe5 16. Nxe5 Bxe5 17.
Ne2 Bxb2 18. Nd4 Bxa1 19. Qxa1 Nc5 20. Nc6 Qe8 21. Bh6 Rf7 22. Re1 Ne4 23. Qd4 Bd7 24. Bxe4 Bxc6 25. dxc6 Qe6 26. Bd2 fxe4 27. Rxe4 Qf6 28.
Rg4+ Kf8 29. Bh6+ Qxh6 30. Qh8+ Ke7 31. Re4+ 1-0

[Event "Late-Titled-Tuesday-Blitz-March-12-2024"]
[Site "Chess.com"]
[Date "2024.03.12"]
[Round "8"]
[White "Casablanca"]
[Black "jstopa4"]
[Result "1-0"]
[WhiteElo "2577"]
[BlackElo "2736"]
[TimeControl "180+1"]
[EndTime "15:26:24 PDT"]
[Termination "Casablanca won by resignation"]

1. d4 Nf6 2. Bg5 Ne4 3. Bf4 d5 4. e3 Bf5 5. Bd3 e6 6. Nd2 Nd7 7. f3 Nxd2 8. Qxd2 Bxd3 9. cxd3 c6 10. Ne2 Qb6 11. O-O Bb4 12. Qc2 O-O 13. a3 Be7 14.
e4 a5 15. Be3 a4 16. Rac1 Qa6 17.
f4 f5 18. h3 Nf6 19. e5 Nd7 20. g4 g6 21. gxf5 gxf5 22. Kh2 Kh8 23. Rg1 Rg8 24. Nc3 Nb6 25. Bf2 Rae8 26. Qe2 Qa8 27. Qh5 Qc8 28.
Bh4 Qd8 29. Bxe7 Qxe7 30. Qh6 Qf7 31. Rcf1 Rg6 32. Rxg6 Qxg6 33. Qxg6 hxg6 34. Kg3 Kg7 35. Rb1 Ra8 36. b4 Nd7 37. Rc1 b5 38. Nb1 Rc8 39. Nd2 Nb8 40. Nf3 Re8 41. Ng5 Kf8 42. Nh7+ Ke7 43.
Nf6 Rh8 44. Rc2 Rh6 45. Ng8+ Kf8 46. Nxh6 Kg7 47. Ng4 fxg4 48. hxg4 1-0

[Event "Late-Titled-Tuesday-Blitz-March-12-2024"]
[Site "Chess.com"]
[Date "2024.03.12"]
[Round "8"]
[White "xasid81"]
[Black "mac0504"]
[Result "1-0"]
[WhiteElo "2585"]
[BlackElo "2704"]
[TimeControl "180+1"]
[EndTime "15:26:25 PDT"]
[Termination "xasid81 won on time"]

1. f4 Nh6 2. Nf3 d5 3. b3 Nf5 4. Bb2 a5 5. a4 h5 6. e3 h4 7. Be2 e6 8. Nc3 Bc5 9. Nb5 f6 10. Nbd4 Nc6 11. Nxf5 exf5 12. O-O Bd7 13. c4 dxc4 14. Bxc4 Qe7 15. d4 Bd6 16. Re1 O-O-O 17. h3 Nb4 18. Bc3 Kb8 19. Qe2 g5 20. d5 g4 21. Nd4 gxh3 22. gxh3 Rdg8+ 23. Kh2 Rg3 24. Ne6 Nxd5 25. Bxd5 Bxe6 26. Bf3 Rhg8 27. Rg1 Qg7 28.
Rg2 Rxg2+ 29. Bxg2 Qg3+ 30. Kh1 Bc5 31. Qf3 Qxf3 32.
Bxf3 Rg3 33. Bg2 Rxe3 34. Bxf6 Bxb3 35. Bxh4 Bb6 36. Bf6 c5 37. h4 c4 38. Rb1 Ka7 39. h5 Re6 40. Bg7 Bc7 41. h6 Bxf4 42. h7 1-0

[Event "Late-Titled-Tuesday-Blitz-March-12-2024"]
[Site "Chess.com"]
[Date "2024.03.12"]
[Round "8"]
[White "Nick12772"]
[Black "MalyDominator"]
[Result "0-1"]
[WhiteElo "2360"]
[BlackElo "2546"]
[TimeControl "180+1"]
[EndTime "15:26:25 PDT"]
[Termination "MalyDominator won by resignation"]

1. Nf3 Nf6 2. g3 g6 3. Bg2 Bg7 4. O-O O-O 5. c4 d6 6. Nc3 Nc6 7. d3 e5 8. Rb1 a5 9. a3 Bg4 10. b4 axb4 11. axb4 Ne8 12. b5 Ne7 13. Bg5 f6 14.
Bd2 c6 15. Ne1 Kh8 16. Nc2 d5 17. bxc6 bxc6 18. cxd5 cxd5 19. d4 e4 20. Ne3 Be6 21. Nb5 f5 22. Bb4 Rb8 23. Na7 Nd6 24. Ba3 f4 25.
Nc2 Rxb1 26. Qxb1 Nc4 27. Rd1 Bg4 28. Bxe7 Qxe7 29. Nc6 Qd6 30. Ne5 Nxe5 31. dxe5 Qxe5 32. Nd4 e3 33. f3 Bd7 34. g4 Ba4 35. Rd3 Rb8 36. Qa1 Bb5 37. Rd1 Bxe2 38. Nxe2 Qxa1 39. Rxa1 Bxa1 0-1